 Dungeon Crawl Stone Soup version 0.27-a0-1322-gfdffb62a71 (webtiles) character file.

Game seed: 15319783932931569787

77 senseless the Ruffian (level 4, -2/36 HPs)
             Began as a Draconian Transmuter on June 22, 2021.
             Was a Follower of Cheibriados.
             Slain by Crazy Yiuf (10 damage)
             ... on level 3 of the Dungeon.
             The game lasted 00:04:56 (2363 turns).

senseless the Ruffian (Draconian Transmuter)        Turns: 2363, Time: 00:04:57

Health: -2/36      AC:  6    Str: 14    XL:     4   Next: 13%
Magic:  7/7        EV: 12    Int: 17    God:    Cheibriados [*.....]
Gold:   164        SH:  0    Dex: 13    Spells: 5/8 levels left

rFire    . . .     SeeInvis .     - Unarmed
rCold    . . .     Faith    .   (no shield)
rNeg     . . .     Spirit   .   (armour unavailable)
rPois    +         Reflect  .   (helmet currently unavailable)
rElec    .         Harm     .   (no cloak)
rCorr    .         Rampage  .   e - +0 pair of gloves
Will     .....                  (boots currently unavailable)
Stlth    +.........             h - amulet of regeneration
HPRegen  1.12/turn              b - ring of poison resistance
MPRegen  0.10/turn              (no ring)

@: appendages, very slow
A: horns 2, talons 2, AC +5, unfitting armour, cold-blooded
a: End Transformation, Renounce Religion, Bend Time


You were on level 3 of the Dungeon.
You worshipped Cheibriados.
Cheibriados was aware of your devotion.
You had temporarily grown beastly horns and talons.
You visited 1 branch of the dungeon, and saw 3 of its levels.

You collected 164 gold pieces.

Inventory:

Armour
 e - a +0 pair of gloves (worn)
Jewellery
 b - a ring of poison resistance (left hand)
 h - an amulet of regeneration (around neck)
Wands
 j - a wand of paralysis (4)
Scrolls
 c - a scroll of silence {unknown}
 d - 2 scrolls of teleportation {unknown}
 g - a scroll of fear {unknown}
 i - a scroll of holy word {unknown}
Potions
 a - a potion of cancellation {unknown}
 f - a potion of degeneration {unknown}


   Skills:
 + Level 2.1 Fighting
 + Level 2.3 Dodging
 + Level 3.4 Unarmed Combat
 + Level 2.5 Spellcasting
 + Level 2.6 Transmutations


You had 5 spell levels left.
You knew the following spells:

 Your Spells              Type           Power      Damage    Failure   Level
a - Beastly Appendage     Tmut           22%        N/A       6%          1
b - Wereblood             Tmut           11%        N/A       10%         2

Your spell library contained the following spells:

 Spells                   Type           Power      Damage    Failure   Level
 Spider Form              Tmut/Pois      3%         N/A       32%         3
 Ice Form                 Ice/Tmut       6%         N/A       71%         4


Dungeon Overview and Level Annotations

Branches:
Dungeon (3/15)

Altars:
Cheibriados

Shops:
D:1 *   D:2 !   D:3 (

Annotations:
D:3 2 runed translucent doors, Crazy Yiuf; bmj180's ghost, amateur GrEE


Innate Abilities, Weirdness & Mutations

You have temporarily grown beastly horns and talons.
Your plain brown scales are hard. (AC +5)
You cannot fit into any form of body armour.
You are cold-blooded and may be slowed by cold attacks.


Message History

You barely miss Crazy Yiuf. You headbutt Crazy Yiuf.
Crazy Yiuf is lightly wounded.
Crazy Yiuf hits you with a +4 quarterstaff of chaos!
You barely miss Crazy Yiuf. Your kick misses Crazy Yiuf.
Your tail-slap misses Crazy Yiuf.
Crazy Yiuf is lightly wounded.
Crazy Yiuf closely misses you.
You hit Crazy Yiuf but do no damage. Your kick misses Crazy Yiuf.
You headbutt Crazy Yiuf, but do no damage.
Crazy Yiuf is lightly wounded.
Crazy Yiuf cries, "Whippet!
Mugger eyeball rumpyflump."
Crazy Yiuf hits you with a +4 quarterstaff of chaos!
Crazy Yiuf burns you.
You hit Crazy Yiuf but do no damage. You claw Crazy Yiuf, but do no damage.
Crazy Yiuf is lightly wounded.
Crazy Yiuf hits you with a +4 quarterstaff of chaos.
* * * LOW HITPOINT WARNING * * *
Crazy Yiuf burns you.
* * * LOW HITPOINT WARNING * * *
You hit Crazy Yiuf.
Crazy Yiuf is moderately wounded.
Crazy Yiuf barely misses you.
You hit Crazy Yiuf.
Crazy Yiuf is heavily wounded.
You hit Crazy Yiuf but do no damage.
You headbutt Crazy Yiuf, but do no damage.
Crazy Yiuf is heavily wounded.
Crazy Yiuf closely misses you.
You completely miss Crazy Yiuf.
Crazy Yiuf is heavily wounded.
Crazy Yiuf closely misses you.
You closely miss Crazy Yiuf. Your headbutt misses Crazy Yiuf.
Crazy Yiuf is heavily wounded.
Crazy Yiuf hits you with a +4 quarterstaff of chaos.
* * * LOW HITPOINT WARNING * * *
Cheibriados protects you from inadvertent hurry.
You hit Crazy Yiuf. You claw Crazy Yiuf! You headbutt Crazy Yiuf.
Crazy Yiuf is almost dead.
Crazy Yiuf hits you with a +4 quarterstaff of chaos!
You die...

#####
#).)#
#).)#
##### ..)
#...# #g#
#...#
##@#
#...#####
#)##
#...#....
##.#
#........
#)##
#....<†..
##.##
#........
#..P##
#........
#P.PP#
#.##.....
#....#
#.##.....
#....##
#.##.....


You could see Crazy Yiuf.

Vanquished Creatures
  An adder (D:2)
  4 worms
  5 endoplasms
  8 giant cockroaches
  2 goblins (D:1)
  4 hobgoblins
  3 jackals (D:2)
  4 quokkas
  4 ball pythons
  4 bats
  3 frilled lizards
  6 kobolds
  3 rats
51 creatures vanquished.

Notes
Turn   | Place    | Note
-------+----------+-------------------------------------------
     0 | D:1      | senseless the Draconian Transmuter began the quest for the
                  | Orb.
     0 | D:1      | Reached XP level 1. HP: 16/16 MP: 3/3
   126 | D:1      | Found Nustuargh's Assorted Antiques.
   432 | D:1      | Reached XP level 2. HP: 22/23 MP: 1/5
  1159 | D:2      | Found Feuf's Distillery.
  1278 | D:2      | Reached XP level 3. HP: 29/29 MP: 4/6
  1309 | D:2      | Learned a level 2 spell: Wereblood
  1913 | D:3      | Found Qahaek's Antique Weapon Emporium.
  1918 | D:3      | Found a runed translucent door.
  2101 | D:3      | Reached XP level 4. HP: 36/36 MP: 5/7
  2206 | D:3      | Found a faded altar of an unknown god.
  2231 | D:3      | Became a worshipper of Cheibriados the Contemplative
  2231 | D:3      | Reached * piety under Cheibriados
  2245 | D:3      | Noticed bmj180's ghost (amateur GrEE)
  2288 | D:3      | Found a runed translucent door.
  2347 | D:3      | Found a runed translucent door.
  2348 | D:3      | Noticed Crazy Yiuf
  2363 | D:3      | Slain by Crazy Yiuf

Illustrated notes

Levels and vault maps discovered:
D:1:      doesnt_arrival_eight_statues, layout_basic, serial_shops, shop
D:2:      layout_loops_cross, serial_shops, shop, st_stairs_5,
          nrook_loot_triangle
D:3:      layout_rooms, ebering_ecumenical_altar_box, ebering_ghost_sewer_f,
          serial_shops, nicolae_shop_statue_plus, uniq_crazy_yiuf_cottage

Skill      XL: |  1  2  3 |
---------------+----------+-----
Dodging        | 2 |  2.3
Fighting       | 2 |  2.1
Unarmed Combat | |  3.4
Spellcasting   | |  2.5
Transmutations | |  2.6

Action                   |  1- 3 |  4- 6 || total
-------------------------+-------+-------++-------
Melee: Unarmed           |   123 |    35 ||   158
       Headbutt          |    17 |     8 ||    25
       Tailslap          |    13 |     2 ||    15
       Kick              |    16 |     8 ||    24
       Punch             |     1 |       ||     1
 Cast: Beastly Appendage |    35 |     6 ||    41
Armor: Skin              |    40 |     7 ||    47
Dodge: Dodged            |    58 |    19 ||    77

Table legend: (Time is in decaauts)
 A = Elapsed time spent in this place.
 B = Non-inter-level travel time spent in this place.
 C = Inter-level travel time spent in this place.
 D = Time resting spent in this place.
 E = Time spent auto-exploring this place.
 F = Levels seen in this place.
 G = Mean time per level.
                   A        B        C        D        E       F      G
               +--------+--------+--------+--------+--------+-----+--------+
         Total |   2395 |   2268 |    127 |      0 |   1905 |   3 |  798.3 |
       Dungeon |   2395 |   2268 |    127 |      0 |   1905 |   3 |  798.3 |
               +--------+--------+--------+--------+--------+-----+--------+

Top non-repeatable levels by time:
     D:1: 1028 daAuts
     D:2: 878 daAuts
     D:3: 488 daAuts
